 Dungeon Crawl Stone Soup version 0.31-a0-848-gaac375c287 (webtiles) character file.

Game seed: 5485894600982127874

74 CommanderKeen the Trooper (level 4, 0/40 HPs)
             Began as a Draconian Berserker on Oct 5, 2023.
             Was a Believer of Trog.
             Slain by a gnoll
             ... wielding a +0 spear
              (8 damage)
             ... on level 3 of the Dungeon.
             The game lasted 00:11:50 (782 turns).

CommanderKeen the Trooper (Draconian Berserker)      Turns: 782, Time: 00:11:51

Health: 0/40       AC:  5    Str: 21    XL:     4   Next: 10%
Magic:  4/4        EV: 12    Int:  7    God:    Trog [**....]
Gold:   38         SH:  0    Dex: 11    Spells: 3/3 levels left

rFire   + . .        d - +1 mace (venom)
rCold   . . .        (no shield)
rNeg    . . .        (body armour unavailable)
rPois   .            (helmet restricted)
rElec   .            (no cloak)
rCorr   .            (no gloves)
SInv    .            (no boots)
Will    .....        (no amulet)
Stlth   +            l - ring of protection from fire
HPRegen 0.26/turn    (no ring)
MPRegen 0.09/turn

%: no passive effects
@: brilliant
A: AC +5, unfitting armour, cold-blooded
a: Renounce Religion, Berserk, Trog's Hand


You were on level 3 of the Dungeon.
You worshipped Trog.
Trog was pleased with you.
You visited 1 branch of the dungeon, and saw 3 of its levels.

You collected 38 gold pieces.

Inventory:

Hand Weapons
 c - a +2 whip of venom
 d - a +1 mace of venom (weapon)
 i - a +0 spear
 j - a +0 whip
 k - a +0 whip
Armour
 a - a +0 leather armour
Jewellery
 l - a ring of protection from fire (left hand)
Scrolls
 b - a scroll of silence {unknown}
 g - a scroll of poison {unknown}
 h - a scroll of enchant weapon {unknown}
Potions
 f - a potion of curing


   Skills:
 + Level 4.0 Fighting
 + Level 0.4 Maces & Flails
 + Level 3.7 Polearms
 + Level 3.4 Dodging


You had 3 spell levels left.
You didn't know any spells.
Your spell library was empty.

Dungeon Overview and Level Annotations

Branches:
Dungeon (3/15)

Altars:
Gozag


Innate Abilities, Weirdness & Mutations

Your plain brown scales are hard. (AC +5)
You cannot fit into any form of body armour.
You are cold-blooded and may be slowed by cold attacks.


Message History

You closely miss the gnoll. The gnoll hits you but does no damage.
The gnoll closely misses you. The gnoll completely misses you.
The gnoll hits you with a +0 club.
You thump the gnoll!
The gnoll is poisoned.
The gnoll is severely wounded.
The gnoll barely misses you.
The gnoll hits you from afar with a +0 spear.
* * * LOW HITPOINT WARNING * * *
The gnoll misses you.
You hit the gnoll but do no damage.
The gnoll is almost dead.
You kill the gnoll!
Trog accepts your kill. The gnoll barely misses you.
The gnoll hits you with a +0 club.
* * * LOW HITPOINT WARNING * * *
The gnoll barely misses you. The gnoll hits you but does no damage.
You hit the gnoll.
The gnoll is poisoned.
The gnoll is moderately wounded.
The gnoll closely misses you. The gnoll misses you.
You hit the gnoll.
The gnoll looks as sick as possible!
Your tail-slap misses the gnoll.
The gnoll is heavily wounded.
The gnoll closely misses you. The gnoll hits you with a +0 club.
* * * LOW HITPOINT WARNING * * *
You barely miss the gnoll.
The gnoll is almost dead.
You kill the gnoll!
Trog accepts your kill. The gnoll misses you.
The gnoll hits you from afar with a +0 spear.
* * * LOW HITPOINT WARNING * * *
You have reached level 4!
You feel agile.
It was a potion of brilliance.
You feel clever all of a sudden.
The gnoll hits you from afar with a +0 spear.
* * * LOW HITPOINT WARNING * * *
It was a potion of curing.
You feel better.
The gnoll hits you from afar with a +0 spear!
You die...

#.# ..... #.# #...# #.#
#...# #########.####...#
#...........##...#
#...........'....#
#.#.####...........###'##
....).g))..........# #.##
.....g.#@....>.....###.##
.......#...........#.....
.......#...........#.#.#.
.......#############.#.#.
....... #.#.#. .......
#.#.#. ....... #.#.'.
#.###. #.....


You could see a gnoll.

Vanquished Creatures
  3 gnolls (D:3)
  2 adders (D:2)
  A worm (D:2)
  A dart slug (D:2)
  2 ball pythons (D:2)
  A bat (D:2)
  3 endoplasms (D:2)
  A goblin (D:2)
  2 hobgoblins (D:2)
  3 quokkas
  A frilled lizard (D:2)
  3 kobolds
  A rat (D:2)
24 creatures vanquished.

Notes
Turn   | Place    | Note
-------+----------+-------------------------------------------
     0 | D:1      | CommanderKeen the Draconian Berserker began the quest for
                  | the Orb.
     0 | D:1      | Reached XP level 1. HP: 19/19 MP: 1/1
   301 | D:2      | Reached XP level 2. HP: 26/26 MP: 2/2
   325 | D:2      | Found an opulent altar of Gozag.
   488 | D:2      | Reached XP level 3. HP: 28/33 MP: 3/3
   546 | D:2      | Found a faded altar of an unknown god.
   694 | D:3      | Reached ** piety under Trog
   775 | D:3      | Reached skill level 4 in Fighting
   781 | D:3      | Reached XP level 4. HP: 3/40 MP: 4/4
   781 | D:3      | HP: 2/40 [gnoll/+0 spear (1)]
   782 | D:3      | Slain by a gnoll

Illustrated notes

Levels and vault maps discovered:
D:1:      nicolae_arrival_somewhat_less_tricky_arrival, layout_basic,
          minmay_tree_intersection, kennysheep_pointless_box,
          kennysheep_nondescript
D:2:      layout_rooms, basic_altar, shapermc_ecumenical_altar_ellora
D:3:      layout_basic, chequers_jeans, reono_crystal_passage

Skill      XL: |  1  2  3 |
---------------+----------+-----
Dodging        | 3 |  3.4
Fighting       | 4 |  4.0
Maces & Flails | |  0.4
Polearms       | |  3.7

Action                     |  1- 3 |  4- 6 || total
---------------------------+-------+-------++-------
  Melee: Spear             |    31 |       ||    31
         Tailslap          |    12 |       ||    12
         Whip              |     9 |       ||     9
         Mace              |    43 |       ||    43
         Punch             |     1 |       ||     1
    Use: Potion            |       |     2 ||     2
 Armour: Skin              |    36 |     2 ||    38
  Dodge: Dodged            |    53 |       ||    53

Table legend: (Time is in decaauts)
 A = Elapsed time spent in this place.
 B = Non-inter-level travel time spent in this place.
 C = Inter-level travel time spent in this place.
 D = Time resting spent in this place.
 E = Time spent auto-exploring this place.
 F = Levels seen in this place.
 G = Mean time per level.
                   A        B        C        D        E       F      G
               +--------+--------+--------+--------+--------+-----+--------+
         Total |    800 |    795 |      5 |      0 |     45 |   3 |  266.7 |
       Dungeon |    800 |    795 |      5 |      0 |     45 |   3 |  266.7 |
               +--------+--------+--------+--------+--------+-----+--------+

Top non-repeatable levels by time:
     D:2: 481 daAuts
     D:1: 193 daAuts
     D:3: 126 daAuts
